 Dungeon Crawl Stone Soup version 0.19.0-20-gbc5f0c6 (webtiles) character file.

44 glitchdot the Conjurer (level 3, -2/21 HPs)
             Began as an Octopode Conjurer on Nov 16, 2016.
             Slain by a jackal (3 damage)
             ... on level 2 of the Dungeon.
             The game lasted 00:06:55 (2031 turns).

glitchdot the Conjurer (Octopode Conjurer)          Turns: 2031, Time: 00:06:55

Health: -2/21      AC:  1    Str:  8    XL:     3   Next: 60%
Magic:  5/6        EV: 13    Int: 19    God:
Gold:   74         SH:  0    Dex: 12    Spells: 3 memorised, 0 levels left

rFire  . . .     SeeInvis .     (no weapon)
rCold  . . .     Gourm    .     (no shield)
rNeg   . . .     Faith    .     (helmet restricted)
rPois  .         Spirit   .     d - amulet of harm
rElec  .         Reflect  .     (no ring)
rCorr  .         Harm     +     (no ring)
MR     .....                    (no ring)
Stlth  +++.......               (no ring)
                                (no ring)
                                (no ring)
                                (no ring)
                                (no ring)

@: no status effects
A: almost no armour, stealthy swim, amphibious, 8 rings, constrict 8, camouflage
1, clever 1, gelatinous body 1
a: no special abilities


You were on level 2 of the Dungeon.
You were not hungry.

You visited 1 branch of the dungeon, and saw 2 of its levels.

You collected 74 gold pieces.

Inventory:

Jewellery
 d - an amulet of harm (around mantle)
Potions
 c - a potion of curing
Books
 a - a book of Conjurations

   Spells                             Type                      Level
   a - Magic Dart                     Conjuration                  1
   b - Searing Ray                    Conjuration                  2
   c - Dazzling Spray                 Conjuration/Hexes            3
   d - Fulminant Prism                Conjuration/Hexes            4
   e - Iskenderun's Mystic Blast      Conjuration                  4
   f - Iskenderun's Battlesphere      Conjuration/Charms           5
Comestibles
 b - a meat ration


   Skills:
 + Level 0.2 Fighting
 + Level 2.1 Dodging
 + Level 3.4 Stealth
 + Level 0.4 Unarmed Combat
 + Level 2.1 Spellcasting
 + Level 4.6 Conjurations


You couldn't memorise any spells.
You knew the following spells:

 Your Spells              Type           Power        Failure   Level  Hunger
a - Magic Dart            Conj           ###.         2%          1    #......
b - Searing Ray           Conj           ###...       4%          2    ##.....
c - Dazzling Spray        Conj/Hex       ##....       21%         3    ###....


Dungeon Overview and Level Annotations

Branches:
Dungeon (2/15)

Altars:


Innate Abilities, Weirdness & Mutations

You cannot wear most types of armour.
You are very stealthy in the water. (Stealth+)
You are amphibious.
You can wear up to eight rings at the same time.
You can use your tentacles to constrict eight enemies at once.
Your skin changes colour to match your surroundings (Stealth+).
Your rubbery body absorbs attacks. (AC +1, EV +1)
Your mind is acute. (Int +2)


Message History

The jackal closely misses you.
You tentacle-slap the jackal. Your grab misses the jackal.
The jackal is moderately wounded.
The jackal misses you.
You barely miss the jackal. Your grab misses the jackal.
You squeeze the jackal.
You kill the jackal!
The jackal bites you.
* * * LOW HITPOINT WARNING * * *
Casting: Dazzling Spray
Confirm with . or Enter, or press ? or * to list all spells.
Aiming: Magic Dart
Press: ? - help, Shift-Dir - straight line, f - jackal
Aim: a jackal The magic dart hits the jackal.
The jackal is moderately wounded.
The jackal barely misses you. The jackal misses you. The jackal bites you.
You die...

.....# #........#
.....# ####.#....)%#
.....###....#...%..#
....###..#######S###
...###..## #h#
######.## #.# ###..#
#h# ###...## #h#
....### **** #@# #####
*,,* #.#* # ****,,**
#..* **,,,,,,* ##.# *
*,,****,* *.# * *,**
*,****.#*** #* ***,*
*,,,,,..,,*
.***,,,*****,,,,,..,,*
S.,,,,,,,,**,,,,,,<,,*


You could see an adder and 3 jackals.

Vanquished Creatures
  A worm (D:2)
  2 leopard geckos
  3 giant cockroaches
  5 hobgoblins (D:1)
  3 jackals
  A ball python (D:1)
  4 bats (D:1)
  3 frilled lizards
  3 goblins (D:1)
  7 kobolds
  5 rats
37 creatures vanquished.

Notes
Turn   | Place    | Note
-------+----------+-------------------------------------------
     0 | D:1      | glitchdot the Octopode Conjurer began the quest for the Orb.
     0 | D:1      | Reached XP level 1. HP: 11/11 MP: 3/3
   181 | D:1      | Gained mutation: Your mind is acute. (Int +2) [potion of beneficial mutation]
   300 | D:1      | Reached XP level 2. HP: 15/17 MP: 1/5
   867 | D:1      | Reached XP level 3. HP: 21/21 MP: 4/6
  1132 | D:1      | Learned a level 2 spell: Searing Ray
  1136 | D:1      | Learned a level 3 spell: Dazzling Spray
  2026 | D:2      | HP: 1/21 [jackal (2)]
  2031 | D:2      | Slain by a jackal

Skill      XL: |  1  2 |
---------------+-------+-----
Stealth        | 3 |  3.4
Fighting       | |  0.2
Dodging        | |  2.1
Unarmed Combat | |  0.4
Spellcasting   | |  2.1
Conjurations   | |  4.6

Action                   || total
-------------------------++-------
Melee: Unarmed           ||    82
       Constrict         ||    18
       Tentacles         ||    13
 Cast: Magic Dart        ||    35
       Dazzling Spray    ||     3
  Use: Potion            ||     2
       Scroll            ||     5
 Stab: Sleeping          ||     1
  Eat: Bread ration      ||     1
Armor: Skin              ||     8
Dodge: Dodged            ||    55
